 Dungeon Crawl Stone Soup version 0.25.0-37-gb73750e0fb (console) character file.

Game seed: 12384310969251580120

25797 Kagalorn the Thaumaturge (level 13, -13/101 HPs)
             Began as a Gnoll Skald on July 9, 2020.
             Was a Priest of Ashenzari.
             Killed from afar by a rime drake (21 damage)
             ... with a flash freeze
             ... on level 6 of the Lair of Beasts.
             The game lasted 00:52:34 (22561 turns).

Kagalorn the Thaumaturge (Gnoll Skald)             Turns: 22561, Time: 00:52:35

Health: -13/101    AC: 13    Str: 13    XL:     13   Next: 21%
Magic:  26/26      EV: 31    Int: 19    God:    Ashenzari [***...]
Gold:   591        SH:  0    Dex: 17    Spells: 22/30 levels left

rFire    + . .     SeeInvis +   a - +1 trident (vamp)
rCold    + . .     Gourm    .   (no shield)
rNeg     . . .     Faith    .   J - +4 ring mail
rPois    .         Spirit   .   (no helmet)
rElec    .         Reflect  .   i - scarf {rC+ rF+} (curse)
rCorr    +         Harm     .   u - +1 pair of gloves
MR       .....                  (no boots)
Stlth    +++.......             G - amulet of the acrobat
HPRegen  0.26/turn              D - ring of resist corrosion
MPRegen  0.20/turn              (no ring)

@: acrobat
A: distributed training, fangs 1, strong nose
a: Curse Item, Scrying, Renounce Religion


You were on level 6 of the Lair of Beasts.
You worshipped Ashenzari.
Ashenzari was most pleased with you.
You were not hungry.

You visited 3 branches of the dungeon, and saw 18 of its levels.
You also visited: Volcano.

You collected 812 gold pieces.
You spent 221 gold pieces at shops.

Inventory:

Hand Weapons
 a - a +1 vampiric trident (weapon)
 b - a +0 dagger of venom
 g - a +3 scimitar of freezing
 P - a +3 halberd
Missiles
 c - 464 stones
 e - 313 arrows
 o - 24 poisoned darts (quivered)
 s - 6 javelins
 t - 4 throwing nets
 v - 61 bolts
 x - 3 silver boomerangs
 z - 89 sling bullets
 F - 26 boomerangs
Armour
 i - a cursed scarf of resistance (worn)
 u - a +1 pair of gloves (worn)
 B - a +0 leather armour of magic resistance
 J - a +4 ring mail (worn)
 T - the +0 pair of gloves of Old and Reckless {rPois}
   (You found it in a volcano)

   It protects you from poison.
Jewellery
 D - a ring of resist corrosion (left hand)
 G - an amulet of the acrobat (around neck)
Wands
 m - a wand of paralysis (22)
 w - a wand of digging (5)
 y - a wand of polymorph (11)
 A - a wand of random effects (55)
 U - a wand of enslavement (8)
Scrolls
 h - a scroll of magic mapping
 q - 11 scrolls of teleportation
 r - a scroll of enchant armour
 E - 3 scrolls of remove curse
 K - 4 scrolls of fog
 R - 2 scrolls of blinking
 S - a scroll of fear
Potions
 f - 2 potions of cancellation
 j - a potion of invisibility
 k - a potion of mutation
 l - 5 potions of magic
 n - 6 potions of curing
 p - 6 potions of flight
 C - 2 potions of stabbing
 H - a potion of berserk rage
 I - a potion of might
 L - 3 potions of resistance
 M - 3 potions of heal wounds
 N - 2 potions of brilliance
 O - a potion of haste
 Q - a potion of lignification {unknown}
Comestibles
 d - 21 rations


   Skills:
 + Level 9.2 Fighting
 + Level 7.9 Short Blades
 + Level 7.9 Long Blades
 + Level 7.9 Axes
 + Level 7.9 Maces & Flails
 + Level 9.2 Polearms
 + Level 7.9 Staves
 + Level 7.9 Slings
 + Level 7.9 Bows
 + Level 7.9 Crossbows
 + Level 7.9 Throwing
 + Level 8.4 Armour
 + Level 9.2 Dodging
 + Level 7.9 Stealth
 + Level 7.9 Shields
 + Level 7.9 Unarmed Combat
 + Level 9.4 Spellcasting
 + Level 6.6 Conjurations
 + Level 6.6 Hexes
 + Level 8.7 Charms
 + Level 6.6 Summonings
 + Level 6.6 Necromancy
 + Level 6.6 Translocations
 + Level 6.6 Transmutations
 + Level 6.6 Fire Magic
 + Level 6.6 Ice Magic
 + Level 6.6 Air Magic
 + Level 6.6 Earth Magic
 + Level 6.6 Poison Magic
 + Level 8.7 Invocations
 + Level 7.9 Evocations


You had 22 spell levels left.
You knew the following spells:

 Your Spells              Type           Power        Failure   Level  Hunger
b - Shroud of Golubria    Chrm/Tloc      #####.       1%          2    None
c - Spectral Weapon       Hex/Chrm       #####...     1%          3    None
d - Tukima's Dance        Hex            ####....     3%          3    None

Your spell library contained the following spells:

 Spells                   Type           Power        Failure   Level  Hunger
 Corona                   Hex            ####...      1%          1    None
 Infusion                 Chrm           ####         1%          1    None
 Ensorcelled Hibernation  Hex/Ice        ####..       1%          2    None
 Song of Slaying          Chrm           #####...     1%          2    None
 Ozocubu's Armour         Chrm/Ice       #####...     1%          3    None
 Confusing Touch          Hex            ####....     3%          3    None
 Dazzling Flash           Conj/Hex       ####..       3%          3    None


Dungeon Overview and Level Annotations

Branches:
Dungeon (11/15)            Temple (1/1) D:4            Lair (6/6) D:11
  Swamp (0/4) Lair:2       Spider (0/4) Lair:3        Slime (0/5) Lair:5
    Orc (0/2) D:10        Volcano (visited)

Altars:
Ashenzari
Cheibriados
Dithmenos
Elyvilon
Fedhas
Gozag
Hepliaklqana
Kikubaaqudgha
Makhleb
Nemelex Xobeh
Okawaru
Qazlal
Ru
Sif Muna
Trog
Uskayaw
Vehumet
Wu Jian
Xom
Yredelemnul
Zin
The Shining One

Shops:
D:7 !

Annotations:
D:8 2 runed translucent doors, exclusion: orange crystal statue
D:9 Gastronok
D:11 1 runed translucent door


Innate Abilities, Weirdness & Mutations

Your experience applies equally to all skills.
You have very sharp teeth.
Your uncanny sense of smell can sniff out nearby items.


Message History

You feel strangely unstable.
The two-headed ogre hits you with a +2 great mace of flaming!
The two-headed ogre burns you.
Your shroud bends the two-headed ogre's attack away. x2
The two-headed ogre hits you with a +0 giant club of flaming!!
* * * LOW HITPOINT WARNING * * *
Your shroud falls apart!
The two-headed ogre burns you.
* * * LOW HITPOINT WARNING * * *
Welcome back to the Lair of Beasts!
Your surroundings suddenly seem different.
Found 26 gold pieces, 24 sling bullets and an uncursed scale mail.
An eight-headed hydra comes into view.
The eight-headed hydra roars!
A spiny frog and a rime drake come into view.
The spiny frog gives a loud, deep croak!
The rime drake hisses angrily.
The rime drake breathes ice at you. The flash freeze hits you!!
You partially resist.
You die...

,,,,,,,,,,,,,,,,,,,,,,***,,,,,,*,
,,,,,,,,,,,,,,,......#**,,,,,,**,
*,,,*,,,,,,*,,#...k..# **,,,,****
***,,***,*****.#F....# **,*** **
**** *** ##......# *** **,
*.......## *******,, **P......#
*,,**,,,* *#......# **,,,,,,*
#@...^.# *,,,,**,, #......#
**,,,**** ##......###*,,,,* *
#...D.[...#****** #........###
#........(.# ##........#*
*#$.....$.## #.........#


You could see an eight-headed hydra, a spiny frog and a rime drake (catching
breath).

Vanquished Creatures
  Josephine (D:10)
  Harold (D:8)
  A catoblepas (Lair:5)
  A hydra (Lair:4)
  A death yak (Lair:4)
  A two-headed ogre (D:11)
  An unseen horror (D:10)
  Pikel (D:9)
  2 ugly things (D:11)
  A cyclops (D:11)
  A black mamba (Lair:4)
  2 spiny frogs
  A kobold demonologist (D:10)
  6 komodo dragons
  A merfolk (D:9)
  3 trolls
  Grinder (D:5)
  11 blink frogs
  6 hippogriffs
  4 wyverns
  14 yaks
  5 wraiths (D:10)
  2 basilisks
  8 vampire mosquitoes
  An insubstantial wisp (Lair:3)
  Edmund (D:5)
  9 water moccasins
  A hell hound (Lair:6)
  A slave (D:9)
  12 porcupines
  2 black bears (D:11)
  A sky beast (D:4)
  6 orc warriors
  An ice beast (D:8)
  2 phantoms
  5 centaurs
  2 ogres
  6 crocodiles
  A big kobold (D:11)
  11 bullfrogs
  A gnoll sergeant (D:8)
  A wyvern skeleton (D:10)
  2 scorpions
  5 wights (D:6)
  5 electric eels
  10 howler monkeys
  10 crimson imps
  A centaur zombie (D:10)
  10 orc priests
  8 orc wizards
  A quasit (D:4)
  A bullfrog skeleton (D:6)
  5 hounds
  6 jellies
  A centaur skeleton (D:6)
  4 iguanas
  3 worker ants
  Ijyb (D:5)
  A howler monkey zombie (D:7)
  2 worker ant zombies
  20 gnolls
  2 howler monkey skeletons
  10 adders
  2 shadow imps
  5 oozes
  3 worms
  3 dart slugs (D:2)
  7 leopard geckos
  45 orcs
  6 giant cockroaches
  11 goblins
  2 hobgoblins (D:3)
  3 jackals (D:1)
  4 quokkas
  14 bats
  5 frilled lizards
  A jackal skeleton (D:5)
  7 kobolds
  A leopard gecko skeleton (D:5)
  A quokka skeleton (D:5)
  5 rats
  A spectral orc (D:6)
374 creatures vanquished.

Vanquished Creatures (others)
  A quasit (D:9)
  An orc wizard (D:9)
  A worker ant (D:9)
  4 orcs
  2 fungi (Lair:5)
  8 plants
  11 spectral weapons
28 creatures vanquished.

Grand Total: 402 creatures vanquished

Notes
Turn   | Place    | Note
-------+----------+-------------------------------------------
     0 | D:1      | Kagalorn the Gnoll Skald began the quest for the Orb.
     0 | D:1      | Reached XP level 1. HP: 20/20 MP: 6/6
   221 | D:1      | You fall into a shaft and drop 1 floor!
   234 | D:2      | Reached XP level 2. HP: 24/26 MP: 1/7
   311 | D:2      | Learned a level 2 spell: Shroud of Golubria
   508 | D:2      | Reached XP level 3. HP: 31/31 MP: 9/9
   513 | D:2      | Learned a level 3 spell: Spectral Weapon
   636 | D:1      | Reached skill level 5 in Spellcasting
  1043 | D:1      | Reached skill level 1 in Invocations
  1323 | D:1      | Reached skill level 1 in Short Blades
  1323 | D:1      | Reached skill level 1 in Long Blades
  1323 | D:1      | Reached skill level 1 in Axes
  1323 | D:1      | Reached skill level 1 in Maces & Flails
  1323 | D:1      | Reached skill level 1 in Staves
  1323 | D:1      | Reached skill level 1 in Slings
  1323 | D:1      | Reached skill level 1 in Bows
  1323 | D:1      | Reached skill level 1 in Crossbows
  1323 | D:1      | Reached skill level 1 in Throwing
  1323 | D:1      | Reached skill level 1 in Stealth
  1323 | D:1      | Reached skill level 1 in Shields
  1323 | D:1      | Reached skill level 1 in Unarmed Combat
  1323 | D:1      | Reached skill level 1 in Evocations
  1617 | D:2      | Reached XP level 4. HP: 38/38 MP: 4/11
  1882 | D:2      | Reached skill level 1 in Conjurations
  1882 | D:2      | Reached skill level 1 in Hexes
  1882 | D:2      | Reached skill level 1 in Summonings
  1882 | D:2      | Reached skill level 1 in Necromancy
  1882 | D:2      | Reached skill level 1 in Translocations
  1882 | D:2      | Reached skill level 1 in Transmutations
  1882 | D:2      | Reached skill level 1 in Fire Magic
  1882 | D:2      | Reached skill level 1 in Ice Magic
  1882 | D:2      | Reached skill level 1 in Air Magic
  1882 | D:2      | Reached skill level 1 in Earth Magic
  1882 | D:2      | Reached skill level 1 in Poison Magic
  2002 | D:3      | Noticed a bullfrog
  2010 | D:3      | Killed a bullfrog
  2010 | D:3      | Reached XP level 5. HP: 38/43 MP: 6/12
  2581 | D:3      | Reached XP level 6. HP: 50/50 MP: 13/13
  3402 | D:4      | Found a staircase to the Ecumenical Temple.
  3415 | Temple   | Entered the Ecumenical Temple
  3580 | Temple   | Became a worshipper of Ashenzari the Shackled
  3632 | D:4      | Reached skill level 5 in Fighting
  3632 | D:4      | Reached skill level 5 in Polearms
  3632 | D:4      | Reached skill level 5 in Dodging
  4112 | D:4      | Reached XP level 7. HP: 40/56 MP: 12/15
  4569 | D:5      | Entered Level 5 of the Dungeon
  4747 | D:5      | Noticed Edmund
  4781 | D:5      | Killed Edmund
  4989 | D:5      | Noticed Grinder
  5356 | D:5      | Reached XP level 8. HP: 32/63 MP: 10/16
  5512 | D:6      | Noticed a troll
  5554 | D:5      | Killed Grinder
  5901 | D:5      | Noticed Ijyb
  5918 | D:5      | Killed Ijyb
  6000 | D:5      | Found a snail-covered altar of Cheibriados.
  6011 | D:5      | Found a sacrificial altar of Ru.
  6554 | D:6      | Found a basalt altar of Yredelemnul.
  6845 | D:6      | Reached XP level 9. HP: 69/69 MP: 15/18
  7226 | D:6      | Killed a troll
  7553 | D:7      | Found a shimmering blue altar of Sif Muna.
  7723 | D:7      | Learned a level 3 spell: Tukima's Dance
  8141 | D:7      | Found Nisipast's Distillery.
  8146 | D:7      | Bought a potion of berserk rage for 65 gold pieces
  8146 | D:7      | Bought a potion of cancellation for 104 gold pieces
  8146 | D:7      | Bought a potion of might for 52 gold pieces
  8246 | D:7      | Reached skill level 5 in Armour
  8596 | D:8      | Noticed Harold
  9004 | D:8      | Found a bloodstained altar of Trog.
  9071 | D:8      | Killed Harold
  9071 | D:8      | Reached skill level 5 in Invocations
  9071 | D:8      | Reached XP level 10. HP: 54/77 MP: 16/20
  9171 | D:8      | Reached * piety under Ashenzari
  9375 | D:8      | Noticed Maurice
  9377 | D:8      | Noticed Maurice
  9377 | D:8      | Maurice changed into Maurice the wyvern
  9381 | D:8      | Killed Maurice the wyvern
  9566 | D:8      | Reached skill level 5 in Short Blades
  9566 | D:8      | Reached skill level 5 in Long Blades
  9566 | D:8      | Reached skill level 5 in Axes
  9566 | D:8      | Reached skill level 5 in Maces & Flails
  9566 | D:8      | Reached skill level 5 in Staves
  9566 | D:8      | Reached skill level 5 in Slings
  9566 | D:8      | Reached skill level 5 in Bows
  9566 | D:8      | Reached skill level 5 in Crossbows
  9566 | D:8      | Reached skill level 5 in Throwing
  9566 | D:8      | Reached skill level 5 in Stealth
  9566 | D:8      | Reached skill level 5 in Shields
  9566 | D:8      | Reached skill level 5 in Unarmed Combat
  9566 | D:8      | Reached skill level 5 in Evocations
  9611 | D:8      | Found a runed translucent door.
  9624 | D:8      | Found the +10 tower shield of Ignorance {rN+ Int-4}
  9667 | D:8      | Found a runed translucent door.
  9685 | D:8      | Noticed an orange crystal statue
 10375 | D:9      | Noticed Pikel
 10386 | D:9      | Killed Pikel
 11117 | D:9      | Noticed Gastronok
 11155 | D:9      | Found a hazy altar of Hepliaklqana.
 11209 | D:10     | Entered Level 10 of the Dungeon
 11432 | D:10     | HP: 3/79 [electric eel/bolt of electricity (13)]
 11707 | D:10     | Noticed a kobold demonologist
 12534 | D:10     | Killed an unseen horror
 12534 | D:10     | Reached XP level 11. HP: 59/84 MP: 20/22
 12964 | D:10     | Noticed Josephine
 12974 | D:10     | Killed Josephine
 12983 | D:10     | Reached skill level 5 in Conjurations
 12983 | D:10     | Reached skill level 5 in Hexes
 12983 | D:10     | Reached skill level 5 in Summonings
 12983 | D:10     | Reached skill level 5 in Necromancy
 12983 | D:10     | Reached skill level 5 in Translocations
 12983 | D:10     | Reached skill level 5 in Transmutations
 12983 | D:10     | Reached skill level 5 in Fire Magic
 12983 | D:10     | Reached skill level 5 in Ice Magic
 12983 | D:10     | Reached skill level 5 in Air Magic
 12983 | D:10     | Reached skill level 5 in Earth Magic
 12983 | D:10     | Reached skill level 5 in Poison Magic
 13886 | D:10     | Found a staircase to the Orcish Mines.
 14122 | D:11     | Noticed a cyclops
 14135 | D:11     | Killed a cyclops
 14250 | D:11     | Noticed a brown ugly thing
 14264 | D:11     | Killed a brown ugly thing
 14370 | D:11     | Noticed a two-headed ogre
 14377 | D:11     | Noticed a centaur warrior
 14377 | D:11     | Noticed a centaur warrior
 14388 | D:11     | Found a runed translucent door.
 14697 | D:11     | Noticed a purple ugly thing
 14823 | D:11     | Identified the ring "Saugerchou" {MR+++ Int-5 Dex+2 SInv}
 14823 | D:11     | Noticed a centaur warrior
 14885 | D:11     | Noticed a brown ugly thing
 14895 | D:11     | Killed a brown ugly thing
 14988 | D:11     | Killed a two-headed ogre
 15279 | D:11     | Found a staircase to the Lair.
 15283 | D:11     | Reached XP level 12. HP: 93/93 MP: 19/24
 15289 | Lair:1   | Entered Level 1 of the Lair of Beasts
 15598 | Lair:1   | Reached ** piety under Ashenzari
 16773 | Lair:2   | Found a staircase to the Swamp.
 17597 | Lair:3   | Found a hole to the Spider Nest.
 17861 | Lair:3   | Reached *** piety under Ashenzari
 19676 | Lair:5   | Noticed a six-headed hydra
 20067 | Lair:5   | Noticed a catoblepas
 20743 | Lair:4   | Killed a six-headed hydra
 20743 | Lair:4   | Reached XP level 13. HP: 101/101 MP: 26/26
 21659 | Lair:5   | Found a staircase to the Slime Pits.
 22428 | Lair:6   | Entered Level 6 of the Lair of Beasts
 22505 | Lair:6   | Found a dark tunnel.
 22523 | Volcano  | Entered a volcano
 22550 | Volcano  | Got the uncursed pair of gloves of Old and Reckless {rPois}
 22561 | Lair:6   | Killed from afar by a rime drake

Illustrated notes

Levels and vault maps discovered:
D:1:      dpeg_arrival_lava_temple_mockup, layout_loops_ring,
          minmay_misc_feat_secret_circle
D:2:      layout_rooms, minmay_misc_feat_pillars
D:3:      layout_basic, kennysheep_generic_room_3
D:4:      layout_gridville, minmay_temple_entry_hall
D:5:      layout_loops_ring, amethyst_overflow_temple_binary, first_ration,
          uniq_edmund, uniq_ijyb, uniq_grinder
D:6:      layout_rooms, yredelemnul_forgotten_temple_becter
D:7:      layout_loops_ring, marbit_many_paths, serial_shops, nicolae_shop_stone
D:8:      layout_basic, lemuel_doored_altar, serial_co_window_serial,
          co_window_of_opportunity_a, co_window_corner_a, co_window_corner_a,
          co_window_corner_a, co_window_corner_a, co_window_of_opportunity_a,
          co_window_of_opportunity_a, co_window_paths_c, co_window_broadway_b,
          co_window_2corner, co_window_broadway_b, co_window_paths_d,
          glass_columns_c, glass_columns_a, glass_columns_b, glass_columns_a,
          chequers_guarded_unrand_ignorance, uniq_harold, uniq_maurice
D:9:      layout_basic, kennysheep_mini, hangedman_fish_farm, uniq_gastronok,
          uniq_pikel
D:10:     layout_basic, erik_orc_2, uniq_josephine
D:11:     minmay_the_grid_triangle_9x9_recursive_3_mashed
          [minmay_the_grid_triangle_9x9_swiss_cheese,
          minmay_the_grid_triangle_9x9_odd_lines,
          minmay_the_grid_triangle_9x9_negative_grid,
          minmay_the_grid_triangle_9x9_prize_center,
          minmay_the_grid_triangle_9x9_zippers_horizontal,
          minmay_the_grid_triangle_9x9_limited_checkers,
          minmay_the_grid_triangle_9x9_minimal,
          minmay_the_grid_triangle_9x9_dagger,
          minmay_the_grid_triangle_9x9_subtriangle], layout_cave_pools,
          grunt_lair_entry_orc_guard_hut, minmay_liquid_box
Temple:   eino_temple_scatter_basement
Lair:1:   layout_loops_ring
Lair:2:   layout_hall_layers, minmay_swamp_entry_eels
Lair:3:   layout_cave_pods, spider_nest_entry_web_field, pond,
          lemuel_fruit_fields, lemuel_fruit_tree
Lair:4:   layout_cave_pods
Lair:5:   layout_cave_pods, nicolae_slime_entry_slimehenge,
          nicolae_lair_yak_garden, serial_bayou_shore_b
Lair:6:   evilmike_catoblepas_cave, layout_big_grid, enter_volcano_3

Skill      XL: |  1  2  3  4  5  6  7  8  9 10 11 12 |
---------------+-------------------------------------+-----
Spellcasting   | 5 6 7 8 9 |  9.4
Invocations    | 1 2 3 4 5 6 7 8 |  8.7
Short Blades   | 1 2 3 4 5 6 7 |  7.9
Long Blades    | 1 2 3 4 5 6 7 |  7.9
Axes           | 1 2 3 4 5 6 7 |  7.9
Maces & Flails | 1 2 3 4 5 6 7 |  7.9
Staves         | 1 2 3 4 5 6 7 |  7.9
Slings         | 1 2 3 4 5 6 7 |  7.9
Bows           | 1 2 3 4 5 6 7 |  7.9
Crossbows      | 1 2 3 4 5 6 7 |  7.9
Throwing       | 1 2 3 4 5 6 7 |  7.9
Stealth        | 1 2 3 4 5 6 7 |  7.9
Shields        | 1 2 3 4 5 6 7 |  7.9
Unarmed Combat | 1 2 3 4 5 6 7 |  7.9
Evocations     | 1 2 3 4 5 6 7 |  7.9
Conjurations   | 1 2 3 4 5 6 |  6.6
Hexes          | 1 2 3 4 5 6 |  6.6
Summonings     | 1 2 3 4 5 6 |  6.6
Necromancy     | 1 2 3 4 5 6 |  6.6
Translocations | 1 2 3 4 5 6 |  6.6
Transmutations | 1 2 3 4 5 6 |  6.6
Fire Magic     | 1 2 3 4 5 6 |  6.6
Ice Magic      | 1 2 3 4 5 6 |  6.6
Air Magic      | 1 2 3 4 5 6 |  6.6
Earth Magic    | 1 2 3 4 5 6 |  6.6
Poison Magic   | 1 2 3 4 5 6 |  6.6
Armour         | 3 4 5 6 7 8 |  8.4
Fighting       | 5 6 7 8 9 |  9.2
Polearms       | 5 6 7 8 9 |  9.2
Dodging        | 5 6 7 8 9 |  9.2
Charms         | 6 7 8 |  8.7

Action                   |  1- 3 |  4- 6 |  7- 9 | 10-12 | 13-15 || total
-------------------------+-------+-------+-------+-------+-------++-------
Melee: Spear             |   140 |   227 |   137 |       |       ||   504
       Bite              |     7 |    24 |    27 |    59 |    16 ||   133
       Punch             |       |     2 |     3 |     9 |     9 ||    23
       Halberd           |       |       |   186 |   398 |       ||   584
       Scimitar          |       |       |    20 |       |       ||    20
       Dagger            |       |       |       |     6 |       ||     6
       Trident           |       |       |       |   254 |    95 ||   349
Throw: Stone             |       |     8 |       |       |       ||     8
       Dart              |       |       |    13 |    35 |       ||    48
 Cast: Infusion          |     4 |       |       |       |       ||     4
       Shroud of Golubri |     4 |    14 |    25 |    85 |    19 ||   147
       Spectral Weapon   |       |     5 |    17 |    81 |    14 ||   117
Invok: Curse Item        |       |     1 |       |       |       ||     1
Evoke: Wand              |       |       |       |     5 |       ||     5
  Use: Scroll            |       |     5 |     3 |    14 |     4 ||    26
       Potion            |       |       |       |     2 |       ||     2
 Stab: Sleeping          |       |     6 |     9 |    23 |       ||    38
       Distracted        |       |       |     3 |     9 |     1 ||    13
       Paralysed         |       |       |       |    14 |       ||    14
       Petrified         |       |       |       |     2 |       ||     2
       Petrifying        |       |       |       |     1 |       ||     1
  Eat: Chunk             |     1 |     9 |     7 |    20 |       ||    37
       Ration            |       |       |     3 |     5 |     2 ||    10
Armor: Leather armour    |    17 |    34 |    54 |    11 |       ||   116
       Ring mail         |       |       |       |   146 |    17 ||   163
Dodge: Dodged            |    81 |   139 |   194 |   436 |    80 ||   930
       Rpst.: Scimitar   |       |       |     4 |       |       ||     4
